 Dungeon Crawl Stone Soup version 0.19.5 (webtiles) character file.

27395 JeffiDaFish the Jinx (level 13, -6/55 HPs)
             Began as a Spriggan Enchanter on Nov 1, 2018.
             Was an Elder of Dithmenos.
             Mangled by a dream sheep (11 damage)
             ... on level 5 of the Lair of Beasts.
             The game lasted 00:52:50 (17520 turns).

JeffiDaFish the Jinx (Spriggan Enchanter)          Turns: 17520, Time: 00:52:51

Health: -6/55      AC:  9    Str:  6    XL:     13   Next: 4%
Magic:  23/31      EV: 28    Int: 21    God:    Dithmenos [****..]
Gold:   711        SH:  0    Dex: 19    Spells: 5 memorised, 25 levels left

rFire  . . .     SeeInvis +     n - +3 short sword (elec)
rCold  . . .     Gourm    .     w - +2 robe {rN+}
rNeg   + . .     Faith    .     (shield restricted)
rPois  +         Spirit   .     J - +2 hat
rElec  .         Reflect  .     B - +2 cloak
rCorr  .         Harm     .     (gloves unavailable)
MR     ++...                    (boots unavailable)
Stlth  +++++++++.               (no amulet)
                                t - ring of poison resistance
                                m - ring of stealth

@: wreathed by umbra, very quick
A: unfitting armour, horns 1, see invisible, agile 1, herbivore 3, speed 3, slow
metabolism 2, strong 1
a: Shadow Step, Renounce Religion


You were on level 5 of the Lair of Beasts.
You worshipped Dithmenos.
Dithmenos was greatly pleased with you.
You were near starving.

You visited 3 branches of the dungeon, and saw 16 of its levels.

You collected 841 gold pieces.
You spent 130 gold pieces at shops.

Inventory:

Hand Weapons
 n - a +3 short sword of electrocution (weapon)
Armour
 w - a +2 robe of positive energy (worn)
 B - a +2 cloak (worn)
 J - a +2 hat (worn)
Magical Staves
 u - an uncursed staff of power
Jewellery
 i - an uncursed ring of protection from cold
 m - a ring of stealth (left hand)
 t - a ring of poison resistance (right hand)
Wands
 k - a wand of disintegration (10/24)
 z - a wand of iceblast (6/15)
 G - a wand of iceblast (7/15)
Scrolls
 e - 3 scrolls of identify
 j - 8 scrolls of remove curse
 o - 8 scrolls of teleportation
 s - 2 scrolls of amnesia
 v - a scroll of enchant armour
 E - 2 scrolls of fear
 H - 2 scrolls of magic mapping
 I - a scroll of blinking
Potions
 f - 4 potions of mutation
 h - 9 potions of curing
 l - a potion of agility
 p - 3 potions of heal wounds
 x - 2 potions of cancellation
 A - a potion of invisibility
 C - a potion of might
 F - a potion of brilliance
Books
 b - a book of Misfortune

   Spells                             Type                      Level
   a - Confusing Touch                Hexes                        1
   b - Confuse                        Hexes                        3
   c - Gell's Gravitas                Hexes/Translocation          3
   d - Petrify                        Transmutation/Earth          4
   e - Metabolic Englaciation         Hexes/Ice                    5
   f - Yara's Violent Unravelling     Hexes/Transmutation          5
 c - a book of Maledictions

   Spells                             Type                      Level
   a - Corona                         Hexes                        1
   b - Ensorcelled Hibernation        Hexes/Ice                    2
   c - Confuse                        Hexes                        3
   d - Tukima's Dance                 Hexes                        3
   e - Dazzling Spray                 Conjuration/Hexes            3
 y - a book of Ice

   Spells                             Type                      Level
   a - Ice Form                       Ice/Transmutation            4
   b - Metabolic Englaciation         Hexes/Ice                    5
   c - Ozocubu's Refrigeration        Ice                          6
   d - Bolt of Cold                   Conjuration/Ice              6
   e - Freezing Cloud                 Conjuration/Ice/Air          6
   f - Simulacrum                     Ice/Necromancy               6
Comestibles
 d - 10 bread rations
 g - 8 royal jellies
 q - a slice of pizza
 r - 12 fruits


   Skills:
 - Level 0.1 Fighting
 + Level 9.1 Short Blades
 + Level 11.2 Dodging
 + Level 12.8 Stealth
 * Level 13.5 Spellcasting
 * Level 13.8 Hexes
 + Level 5.3 Ice Magic


You had 25 spell levels left.
You knew the following spells:

 Your Spells              Type           Power        Failure   Level  Hunger
a - Corona                Hex            ######.      0%          1    None
b - Ensorcelled Hibernat  Hex/Ice        ######       1%          2    None
c - Confuse               Hex            ######..     1%          3    None
d - Dazzling Spray        Conj/Hex       #####.       1%          3    None
e - Metabolic Englaciati  Hex/Ice        ######....   2%          5    ###....


Dungeon Overview and Level Annotations

Branches:
Dungeon (10/15)            Temple (1/1) D:5            Lair (5/6) D:10
 Shoals (0/4) Lair:2       Spider (0/4) Lair:4
  Slime: Lair:5-6       Orc: D:9-12

Altars:
Ashenzari
Cheibriados
Dithmenos
Elyvilon
Fedhas
Gozag
Hepliaklqana
Kikubaaqudgha
Makhleb
Nemelex Xobeh
Okawaru
Qazlal
Ru
Sif Muna
Trog
Uskayaw
Vehumet
Xom
Yredelemnul
Zin
The Shining One

Shops:
D:4 *   D:5 %   D:8 (

Annotations:
D:7 1 runed door
Lair:1 Gastronok
Lair:5 JeffiDaFish's ghost, journeyman HEFE


Innate Abilities, Weirdness & Mutations

You are very small and have problems with some larger weapons.
You are too small for most types of armour.
You have supernaturally acute eyesight. (SInv)
You are a herbivore.
You cover ground extremely quickly.
You need consume almost no food.
You have a pair of small horns on your head.
You are agile. (Dex +2)
Your muscles are strong. (Str +2)


Message History

You impale the dream sheep!!
You kill the dream sheep!
Dithmenos accepts your kill.
The dream sheep shake their wool and sparkle.
You feel drowsy...
You fall asleep.
The dream sheep misses you. The dream sheep barely misses you.
The dream sheep bites you!
You wake up.
* * * LOW HITPOINT WARNING * * *
The dream sheep completely misses you.
Casting: Confuse
Confirm with . or Enter, or press ? or * to list all spells.
Aiming: Dazzling Spray
Press: ? - help, Shift-Dir - straight line, f - dream sheep
Aim: a dream sheep (black smoke, moderately wounded, umbra)
The spray of energy hits the dream sheep.
The dream sheep is almost dead.
The dream sheep is dazzled.
The spray of energy misses the dream sheep.
The dream sheep bites you!
You die...

..##..............
....#......!......
....#.......$..... .
......>........... .
.................. .
.......<.......... .
.................. ..
?....#.§§§..##P#. ..
..#P ##§@§§..# # .. .
# ##YY.§## .. #
#§§§§.## ..
..#.###P§§§..## # ..
............#.#.. ..
................. ..
............P#.#.#+
..
.#.P#..#....###.....#
+#
...#####.....##.....#
..


You could see 2 dream sheep.

Vanquished Creatures
  3 hydras
  5 death yaks
  Urug (Lair:2)
  Sonja (Lair:2)
  Pikel (D:8)
  An ugly thing (D:10)
  7 black mambas
  Maurice (D:9)
  5 elephants (Lair:4)
  8 spiny frogs
  3 komodo dragons
  A queen bee (D:8)
  A two-headed ogre (D:9)
  A troll (D:9)
  A hornet (D:10)
  4 blink frogs (Lair:2)
  The ghost of chris0x the Bolt Thrower, an amateur KoHu (D:4)
  3 dream sheep (Lair:5)
  4 hippogriffs
  A redback (Lair:4)
  21 yaks
  2 basilisks
  8 water moccasins
  3 porcupines
  A black bear (D:8)
  8 orc warriors
  2 ice beasts
  3 phantoms (D:8)
  8 crocodiles
  5 centaurs
  4 ogres
  10 bullfrogs
  22 killer bees
  2 electric eels (D:6)
  4 crimson imps
  4 howler monkeys
  A bullfrog zombie (D:7)
  4 hounds
  A quasit (D:10)
  2 centaur skeletons
  3 orc priests
  A bullfrog skeleton (D:8)
  7 orc wizards
  4 iguanas
  8 worker ants
  A worker ant zombie (D:9)
  7 gnolls
  A howler monkey zombie (D:8)
  6 adders
  2 shadow imps
  2 oozes
  An adder zombie (D:9)
  An adder skeleton (D:4)
  8 worms
  3 dart slugs
  2 leopard geckos
  47 orcs
  8 giant cockroaches
  10 goblins
  4 hobgoblins
  8 jackals
  3 kobolds
  6 quokkas
  3 ball pythons
  8 bats
  3 frilled lizards
  2 jackal skeletons
  A leopard gecko skeleton (D:7)
  6 rats
  2 plants
336 creatures vanquished.

Vanquished Creatures (others)
  2 slaves (D:8)
  A killer bee (D:8)
  7 fungi (Lair:2)
  6 plants
16 creatures vanquished.

Grand Total: 352 creatures vanquished

Notes
Turn   | Place    | Note
-------+----------+-------------------------------------------
     0 | D:1      | JeffiDaFish the Spriggan Enchanter began the quest for the Orb.
     0 | D:1      | Reached XP level 1. HP: 9/9 MP: 5/5
   214 | D:1      | Reached XP level 2. HP: 13/13 MP: 4/7
   312 | D:1      | Learned a level 2 spell: Ensorcelled Hibernation
   515 | D:1      | Reached XP level 3. HP: 16/16 MP: 8/8
  1037 | D:2      | Reached skill level 5 in Stealth
  1143 | D:2      | Learned a level 3 spell: Confuse
  1147 | D:2      | Learned a level 3 spell: Dazzling Spray
  1493 | D:2      | Reached XP level 4. HP: 21/21 MP: 10/10
  1778 | D:2      | Gained mutation: Your muscles are strong. (Str +2) [potion of mutation]
  1778 | D:2      | Gained mutation: You are agile. (Dex +2) [potion of mutation]
  1863 | D:2      | HP: 1/21 [gnoll/whip (5)]
  2444 | D:3      | Found a sparkling altar of Nemelex Xobeh.
  2547 | D:3      | Reached XP level 5. HP: 24/24 MP: 12/12
  3455 | D:4      | Found Xefot's General Store.
  3465 | D:4      | Noticed chris0x's ghost (amateur KoHu)
  3535 | D:4      | Killed chris0x's ghost
  3535 | D:4      | Reached skill level 5 in Spellcasting
  3535 | D:4      | Reached skill level 5 in Hexes
  3535 | D:4      | Reached XP level 6. HP: 9/28 MP: 0/14
  3565 | D:4      | HP: 1/28 [orc/dagger (1)]
  4384 | D:5      | Entered Level 5 of the Dungeon
  4385 | D:5      | Reached XP level 7. HP: 32/32 MP: 16/16
  4399 | D:4      | Reached skill level 5 in Dodging
  4637 | D:5      | Found Nisoig's Food Boutique.
  4669 | D:5      | Bought a bread ration for 65 gold pieces
  4669 | D:5      | Bought a bread ration for 65 gold pieces
  4832 | D:5      | Found an ancient bone altar of Kikubaaqudgha.
  4850 | D:5      | Found a staircase to the Ecumenical Temple.
  4868 | Temple   | Entered the Ecumenical Temple
  5018 | Temple   | Became a worshipper of Dithmenos the Shadowed
  5382 | D:5      | Reached XP level 8. HP: 18/36 MP: 15/18
  6761 | D:7      | Found a deep blue altar of Sif Muna.
  6761 | D:7      | Found a blossoming altar of Fedhas.
  6791 | D:7      | Reached * piety under Dithmenos
  6844 | D:7      | Found a sacrificial altar of Ru.
  6942 | D:7      | Found a runed door.
  6942 | D:7      | Noticed a sixfirhy
  6959 | D:7      | Reached XP level 9. HP: 39/39 MP: 20/22
  7585 | D:8      | Reached skill level 5 in Short Blades
  7633 | D:8      | Found a hide-covered altar of Uskayaw.
  7641 | D:8      | Noticed Pikel
  7649 | D:8      | Found Puda's Antique Weapon Emporium.
  7650 | D:8      | Killed Pikel
  7688 | D:8      | Reached ** piety under Dithmenos
  7732 | D:8      | Learned a level 5 spell: Metabolic Englaciation
  7778 | D:8      | Noticed a queen bee
  7786 | D:8      | Killed a queen bee
  7798 | D:8      | Reached skill level 1 in Ice Magic
  8213 | D:8      | Reached XP level 10. HP: 44/44 MP: 24/24
  8607 | D:9      | Reached skill level 10 in Hexes
  8628 | D:9      | Reached skill level 10 in Stealth
  8889 | D:9      | Reached skill level 10 in Spellcasting
  9091 | D:9      | Reached *** piety under Dithmenos
  9201 | D:9      | Noticed Maurice
  9209 | D:9      | Killed Maurice
  9477 | D:10     | Entered Level 10 of the Dungeon
  9477 | D:10     | Found a staircase to the Lair.
  9702 | D:10     | Noticed a white ugly thing
  9716 | D:10     | Killed a white ugly thing
 10369 | D:10     | Noticed an ogre mage
 10369 | D:10     | Noticed a stone giant
 10369 | D:10     | Noticed an orc warlord
 10490 | Lair:1   | Entered Level 1 of the Lair of Beasts
 10577 | Lair:1   | Reached XP level 11. HP: 47/47 MP: 23/26
 10588 | Lair:1   | Noticed Gastronok
 10642 | Lair:1   | Gained mutation: You have a pair of small horns on your head. [potion of beneficial mutation]
 10800 | Lair:1   | Noticed a seven-headed hydra
 10817 | Lair:1   | Killed a seven-headed hydra
 11503 | Lair:2   | Found a staircase to the Shoals.
 11550 | Lair:2   | Noticed a death yak
 11551 | Lair:2   | Noticed a death yak
 11552 | Lair:2   | Noticed Sonja
 11552 | Lair:2   | Noticed a death yak
 11586 | Lair:2   | Noticed a death yak
 11857 | Lair:2   | Noticed Urug
 11874 | Lair:2   | Killed Urug
 12091 | Lair:2   | Killed Sonja
 12091 | Lair:2   | Reached **** piety under Dithmenos
 12368 | Lair:2   | Noticed a six-headed hydra
 12379 | Lair:2   | Killed a six-headed hydra
 12379 | Lair:2   | Reached skill level 10 in Dodging
 12890 | Lair:2   | Reached XP level 12. HP: 51/51 MP: 17/29
 13116 | Lair:1   | Killed a death yak
 13338 | Lair:1   | Killed a death yak
 13489 | Lair:1   | Killed a death yak
 14479 | Lair:2   | Killed a death yak
 15737 | Lair:4   | Reached skill level 5 in Ice Magic
 15864 | Lair:4   | Noticed a five-headed hydra
 15877 | Lair:4   | Killed a five-headed hydra
 15977 | Lair:4   | Found a hole to the Spider Nest.
 16861 | Lair:5   | Noticed JeffiDaFish's ghost (journeyman HEFE)
 16951 | Lair:5   | Noticed a death yak
 16951 | Lair:5   | Noticed a death yak
 16952 | Lair:5   | Noticed a death yak
 16952 | Lair:5   | Noticed a death yak
 16956 | Lair:5   | Noticed a death yak
 16957 | Lair:5   | Noticed a death yak
 17317 | Lair:4   | Killed a death yak
 17317 | Lair:4   | Reached XP level 13. HP: 32/55 MP: 9/31
 17520 | Lair:5   | Mangled by a dream sheep

Skill      XL: |  1  2  3  4  5  6  7  8  9 10 11 12 |
---------------+-------------------------------------+-----
Spellcasting   | 3 4 5 6 8 9 10 12 13 | 13.5
Hexes          | 4 5 6 8 9 11 12 13 | 13.8
Stealth        | 5 6 7 8 9 10 11 12 | 12.8
Short Blades   | 2 3 4 5 7 8 9 |  9.1
Dodging        | 4 5 6 8 9 10 11 | 11.2
Ice Magic      | 1 2 4 5 |  5.3
Fighting       | |  0.1

Action                   |  1- 3 |  4- 6 |  7- 9 | 10-12 | 13-15 || total
-------------------------+-------+-------+-------+-------+-------++-------
Melee: Dagger            |   125 |   118 |       |       |       ||   243
       Short sword       |       |     2 |   217 |   343 |     9 ||   571
       Headbutt          |       |       |       |    23 |     1 ||    24
 Cast: Corona            |    13 |     7 |     1 |       |       ||    21
       Ensorcelled Hiber |     8 |    20 |    39 |   134 |     1 ||   202
       Confuse           |       |     7 |    34 |    21 |     1 ||    63
       Dazzling Spray    |       |     4 |     8 |    65 |     2 ||    79
  Use: Scroll            |     7 |     3 |     5 |    10 |       ||    25
       Potion            |     4 |     5 |     2 |     5 |       ||    16
 Stab: Sleeping          |    12 |    27 |    42 |   108 |       ||   189
       Confused          |       |     3 |     6 |    14 |     1 ||    24
       Distracted        |       |     1 |     1 |     1 |       ||     3
       Invisible         |       |     1 |     1 |    11 |       ||    13
  Eat: Bread ration      |       |     1 |       |     1 |       ||     2
       Fruit             |       |       |       |     2 |       ||     2
Armor: Robe              |    16 |    10 |    15 |    14 |       ||    55
Dodge: Dodged            |    95 |    99 |   198 |   278 |     9 ||   679
